 Dungeon Crawl Stone Soup version 0.24.0-37-gcf1ca852f1 (webtiles) character file.

Game seed: 91965100803654027, levelgen mode: deterministic

868 Curus the Poker (level 7, -5/62 HPs)
             Began as a Minotaur Abyssal Knight on Nov 30, 2019.
             Was a Believer of Lugonu.
             Slain by a sky beast (6 damage)
             ... on level 6 of the Dungeon.
             The game lasted 00:26:52 (4819 turns).

Curus the Poker (Minotaur Abyssal Knight)           Turns: 4819, Time: 00:26:53

Health: -5/62      AC: 13    Str: 17      XL:     7   Next: 73%
Magic:  0/10       EV:  4    Int:  7 (9)  God:    Lugonu [**....]
Gold:   178        SH:  7    Dex:  9 (11) Spells: 6/6 levels left

rFire    + . .     SeeInvis .   t - +1 trident (elec)
rCold    + + +     Gourm    .   w - +0 shield
rNeg     . . .     Faith    .   o - +0 plate armour
rPois    .         Spirit   +   (helmet restricted)
rElec    .         Reflect  .   (no cloak)
rCorr    .         Harm     .   (no gloves)
MR       .....                  i - +1 pair of boots
Stlth    ..........             u - amulet of guardian spirit
HPRegen  0.20/turn              x - ring of protection from cold
MPRegen  0.12/turn              (no ring)

@: lethally poisoned (-5 -> -9)
A: retaliatory headbutt, horns 2, repulsion field 1, cold resistance 2, fire
resistance 1, robust 1
a: Depart the Abyss, Bend Space, Renounce Religion


You were on level 6 of the Dungeon.
You worshipped Lugonu.
Lugonu was pleased with you.
You were not hungry.

You visited 1 branch of the dungeon, and saw 7 of its levels.
You visited the Abyss 1 time.

You collected 286 gold pieces.
You spent 108 gold pieces at shops.

Inventory:

Hand Weapons
 a - a +3 spear
 t - a +1 trident of electrocution (weapon)
Armour
 b - a +0 leather armour
 g - a +1 ring mail
 i - a +1 pair of boots (worn)
 j - a +0 chain mail
 o - a +0 plate armour (worn)
 w - a +0 shield (worn)
Jewellery
 u - an amulet of guardian spirit (around neck)
 x - a ring of protection from cold (left hand)
Wands
 l - a wand of random effects (15)
 n - a wand of scattershot (8)
 q - a wand of disintegration (6)
Scrolls
 d - 9 scrolls of identify
 e - 4 scrolls of teleportation
 h - 2 scrolls of remove curse
 m - a scroll of fog
 r - a scroll of random uselessness
 s - 2 scrolls of fear
Potions
 f - a potion of haste
 k - a potion of brilliance
 v - a potion of heal wounds
Comestibles
 c - 11 rations
 p - a chunk of flesh


   Skills:
 - Level 3.6 Fighting
 + Level 7.8 Polearms
 - Level 2.4 Armour
 - Level 1.1 Dodging
 + Level 6.4 Invocations


You had 6 spell levels left.
You didn't know any spells.
Your spell library contained the following spells:

 Spells                   Type           Power        Failure   Level  Hunger
 Shock                    Conj/Air       #...         100%        1    ##.....
 Swiftness                Chrm/Air       #.......     100%        2    ###....
 Static Discharge         Conj/Air       #.......     100%        3    ####...
 Airstrike                Air            #.........   100%        4    #####..
 Lightning Bolt           Conj/Air       #.........   100%        5    ######.


Dungeon Overview and Level Annotations

Branches:
Dungeon (7/15)             Temple (0/1) D:5

Altars:
Cheibriados
Dithmenos
Gozag
Kikubaaqudgha
Makhleb
Vehumet
Xom
The Shining One

Shops:
D:4 *??


Innate Abilities, Weirdness & Mutations

You reflexively headbutt those who attack you in melee.
You have a pair of horns on your head.
You are surrounded by a mild repulsion field. (EV +2)
Your flesh is very cold resistant. (rC++)
Your flesh is heat resistant. (rF+)
You are robust. (+10% HP)


Message History

You hit the sky beast.
The sky beast is moderately wounded.
You feel sick. You block the sky beast's attack.
You miss the sky beast.
The sky beast is moderately wounded.
You feel sick. The sky beast hits you.
* * * LOW HITPOINT WARNING * * *
The sky beast shocks you.
* * * LOW HITPOINT WARNING * * *
You puncture the sky beast!
The sky beast is severely wounded.
* * * LOW HITPOINT WARNING * * *
You feel sick.
The sky beast hits you but does no damage.
You closely miss the sky beast.
The sky beast is severely wounded.
The sky beast hits you.
* * * LOW HITPOINT WARNING * * *
The sky beast shocks you.
You die...

######## ###### #......# #....#
## ###### #......# #....# #.
....<####......# #....# #.
####<..........# ###....# #.
.....####......###.>....########.
####............@Y≈..............
#########......#####....########.
....# #......### #....#### #.
....# #......#.# ##.#....# #.
....# #........# ##.#....# #.
....#####.....#..# #..#....# #.
..........###....###.##....# ###.
.>..#..#### #..#.##..##....###...
....##...####..#....###....##..##


You could see a sky beast.

Vanquished Creatures
  A water moccasin (D:6)
  2 phantoms
  2 necrophages
  A crimson imp (D:4)
  An orc priest (D:5)
  A jelly (D:6)
  2 orc wizards
  2 worker ants
  3 iguanas
  3 adders
  2 adder skeletons (D:4)
  2 worms
  A dart slug (D:2)
  3 leopard geckos
  10 orcs
  8 bats
  3 giant cockroaches
  5 goblins
  4 hobgoblins
  17 jackals
  11 kobolds
  3 quokkas
  A ball python (D:5)
  3 frilled lizards
  A quokka skeleton (D:5)
  4 rats
96 creatures vanquished.

Notes
Turn   | Place    | Note
-------+----------+-------------------------------------------
     0 | Abyss:1  | Curus the Minotaur Abyssal Knight began the quest for the
                  | Orb.
     0 | Abyss:1  | Reached XP level 1. HP: 19/19 MP: 1/1
    34 | Abyss:1  | Noticed a thrashing horror
    35 | D:1      | Escaped the Abyss
   169 | D:1      | Reached * piety under Lugonu
   169 | D:1      | Reached XP level 2. HP: 24/26 MP: 2/2
   176 | D:1      | Reached skill level 3 in Polearms
   543 | D:2      | Found a glowing golden altar of the Shining One.
   855 | D:2      | Reached XP level 3. HP: 30/31 MP: 2/4
  1239 | D:2      | Found a burning altar of Makhleb.
  1473 | D:3      | Noticed a phantom
  1832 | D:3      | Gained mutation: Your flesh is heat resistant. (rF+)
                  | [potion of mutation]
  1832 | D:3      | Gained mutation: Your body sometimes deteriorates upon
                  | taking damage. [potion of mutation]
  1832 | D:3      | Gained mutation: You are surrounded by a mild repulsion
                  | field. (EV +2) [potion of mutation]
  2159 | D:3      | Killed a phantom
  2159 | D:3      | Reached skill level 4 in Polearms
  2159 | D:3      | Reached XP level 4. HP: 12/39 MP: 5/5
  2159 | D:3      | Reached XP level 5. HP: 14/45 MP: 6/6
  2567 | D:3      | Reached skill level 5 in Polearms
  2576 | D:3      | Reached ** piety under Lugonu
  2610 | D:4      | Found Mofigodgh's Magic Scroll Emporium.
  2617 | D:4      | Bought a scroll of teleportation for 39 gold pieces
  2617 | D:4      | Bought a scroll of teleportation for 39 gold pieces
  2679 | D:4      | Found a snail-covered altar of Cheibriados.
  2799 | D:4      | Found Raumu's Assorted Antiques.
  2896 | D:4      | Found Miashamou's Magic Scroll Shop.
  2904 | D:4      | Bought a scroll of teleportation for 30 gold pieces
  3060 | D:4      | Found an opulent altar of Gozag.
  3309 | D:3      | Reached XP level 6. HP: 51/51 MP: 8/8
  3327 | D:3      | Lost mutation: Your body sometimes deteriorates upon taking
                  | damage. [potion of mutation]
  3327 | D:3      | Lost mutation: Your flesh is heat resistant. (rF+) [potion
                  | of mutation]
  3327 | D:3      | Gained mutation: Your body sometimes deteriorates upon
                  | taking damage. [potion of mutation]
  3327 | D:3      | Gained mutation: Your flesh is cold resistant. (rC+)
                  | [potion of mutation]
  3327 | D:3      | Gained mutation: You are surrounded by a moderate repulsion
                  | field. (EV +3) [potion of mutation]
  3327 | D:3      | Gained mutation: You are robust. (+10% HP) [potion of
                  | mutation]
  3433 | D:4      | Lost mutation: Your body sometimes deteriorates upon taking
                  | damage. [potion of mutation]
  3433 | D:4      | Lost mutation: You are surrounded by a moderate repulsion
                  | field. (EV +3) [potion of mutation]
  3433 | D:4      | Gained mutation: Your flesh is heat resistant. (rF+)
                  | [potion of mutation]
  3433 | D:4      | Gained mutation: Your flesh is very cold resistant. (rC++)
                  | [potion of mutation]
  3435 | D:5      | Entered Level 5 of the Dungeon
  3694 | D:5      | Reached skill level 6 in Polearms
  3694 | D:5      | Reached skill level 5 in Invocations
  3739 | D:5      | Found a shadowy altar of Dithmenos.
  3828 | D:5      | Found a radiant altar of Vehumet.
  3953 | D:5      | Found a staircase to the Ecumenical Temple.
  3996 | D:5      | Found an ancient bone altar of Kikubaaqudgha.
  3997 | D:5      | Found a shimmering altar of Xom.
  4195 | D:6      | Reached XP level 7. HP: 62/62 MP: 10/10
  4287 | D:6      | Reached skill level 7 in Polearms
  4817 | D:6      | HP: 3/62 [sky beast (3)]
  4819 | D:6      | HP: 1/62 [sky beast (2)]
  4819 | D:6      | Slain by a sky beast

Levels and vault maps discovered:
D:1:      shiori_arrival_oz, layout_basic
D:2:      layout_basic, lemuel_crystal_altar, lemuel_crystal_altar
D:3:      layout_rooms
D:4:      layout_loops_corners, cheibriados_altar_1, lemuel_doored_altar,
          serial_shops, shop, nicolae_shop_overgrown_old_shop, shop
D:5:      layout_loops_ring, gammafunk_temple_overflow_statue,
          fiery_altar_vehumet, minmay_temple_entry_sparse_star, basic_altar,
          first_ration
D:6:      layout_rooms
D:7:      layout_layer_cave, okawaru_metal_pillars_3,
          grunt_dithmenos_smoke_and_mirrors, uniq_duvessa

Skill      XL: |  1  2  3  4  5  6  7 |
---------------+----------------------+-----
Invocations    | 2 3 4 5 6 |  6.4
Polearms       | 3 4 5 6 7 |  7.8
Fighting       | |  3.6
Armour         | |  2.4
Dodging        | |  1.1

Action                   |  1- 3 |  4- 6 |  7- 9 || total
-------------------------+-------+-------+-------++-------
Melee: Spear             |   156 |   123 |       ||   279
       Headbutt          |    11 |    18 |     8 ||    37
       Trident           |       |    24 |    92 ||   116
Invok: Depart the Abyss  |     1 |       |       ||     1
  Use: Scroll            |     8 |     4 |     2 ||    14
       Potion            |     3 |     7 |     4 ||    14
  Eat: Chunk             |     4 |     2 |     3 ||     9
       Ration            |       |     1 |       ||     1
Armor: Leather armour    |    17 |       |       ||    17
       Ring mail         |    30 |       |       ||    30
       Chain mail        |       |    22 |       ||    22
       Plate armour      |       |    21 |    51 ||    72
Dodge: Dodged            |    57 |    45 |     9 ||   111
Block: Shield            |       |       |    22 ||    22
